3011 views
Uploaded 2020-12-06 22:20:12
Game version 1.32.9
13:53 long 2on2 custom game on (4)HillsbradCreek
Game name "w3c-20-K3wlKzDI62"
Saved by badkiwi
3011 views
Uploaded 2020-12-06 22:20:12
Game version 1.32.9
13:53 long 2on2 custom game on (4)HillsbradCreek
Game name "w3c-20-K3wlKzDI62"


42 units @ 5.2k
/ 0.5k
27 buildings @ 3.6k
/ 1.4k


| Scroll of Regeneration | 1 | 100 |
| Potion of Healing | 2 | 300 |
| Dust of Appearance | 1 | 75 |
| total: | 4 | 475g |
| Peasant | 9 | 675 | / | 0 |
| Footman | 5 | 675 | / | 0 |
| Rifleman | 8 | 1640 | / | 240 |
| Priest | 1 | 135 | / | 10 |
| total: | 23 | 3125g | / | 250w |
| Scout Tower | 2 | 60 | / | 40 |
| Arcane Tower | 1 | 70 | / | 50 |
| Altar of Kings | 1 | 180 | / | 50 |
| Farm | 7 | 560 | / | 140 |
| Barracks | 1 | 160 | / | 60 |
| Blacksmith | 1 | 140 | / | 60 |
| Lumber Mill | 2 | 240 | / | 0 |
| Arcane Vault | 1 | 130 | / | 30 |
| Arcane Sanctum | 1 | 150 | / | 140 |
| Keep | 1 | 320 | / | 210 |
| Tree of Life | 1 | 340 | / | 185 |
| total: | 17 | 1960g | / | 705w |
| 0:03 | Peasant |
| 0:03 | Peasant |
| 0:07 | Altar of Kings |
| 0:19 | Farm |
| 0:20 | Barracks |
| 0:28 | Peasant |
| 0:46 | Peasant |
| 0:49 | Farm |
| 0:57 | Peasant |
| 1:02 | Peasant |
| 1:17 | Peasant |
| 1:21 | Footman |
| 1:35 | Peasant |
| 1:37 | Farm |
| 1:45 | Footman |
| 1:53 | Peasant |
| 2:09 | Summon Water Elemental |
| 2:10 | Footman |
| 2:51 | Keep |
| 2:54 | Scout Tower |
| 2:56 | Blacksmith |
| 3:11 | Footman |
| 3:34 | Footman |
| 3:52 | Arcane Tower |
| 3:53 | Farm |
| 3:55 | Farm |
| 3:56 | Scout Tower |
| 3:57 | Lumber Mill |
| 4:05 | Lumber Mill |
| 4:38 | Arcane Vault |
| 4:40 | Rifleman |
| 5:09 | Rifleman |
| 5:27 | Dust of Appearance |
| 6:17 | Rifleman |
| 6:32 | Scroll of Regeneration |
| 6:39 | Storm Bolt |
| 6:51 | Arcane Sanctum |
| 6:53 | Farm |
| 6:54 | Farm |
| 7:11 | Rifleman |
| 7:12 | Brilliance Aura |
| 7:35 | Rifleman |
| 7:42 | Potion of Healing |
| 8:00 | Potion of Healing |
| 8:21 | Rifleman |
| 8:56 | Rifleman |
| 9:02 | Priest |
| 9:24 | Rifleman |
| 11:49 | Tree of Life |
| Right click | 645 |
| Select group | 489 |
| Assign group | 245 |
| Select | 237 |
| Misc. action | 99 |
| Build/train/purchase | 63 |
| Use ability | 5 |
| Esc | 1 |


| Orb of Venom | 1 | 325 |
| Staff of Preservation | 1 | 150 |
| Lesser Clarity Potion | 1 | 70 |
| Dust of Appearance | 1 | 75 |
| Boots of Speed | 1 | 250 |
| Potion of Lesser Invulnerability | 1 | 150 |
| total: | 6 | 1020g |
| Wisp | 11 | 660 | / | 0 |
| Archer | 5 | 650 | / | 50 |
| Druid of the Claw | 3 | 765 | / | 240 |
| total: | 19 | 2075g | / | 290w |
| Altar of Elders | 1 | 180 | / | 50 |
| Moon Well | 4 | 720 | / | 160 |
| Ancient of War | 1 | 150 | / | 60 |
| Hunter's Hall | 1 | 210 | / | 100 |
| Ancient of Wonders | 1 | 90 | / | 30 |
| Ancient of Lore | 2 | 310 | / | 290 |
| Tree of Ages | 1 | 320 | / | 180 |
| Tree of Eternity | 1 | 330 | / | 200 |
| total: | 10 | 1660g | / | 690w |
| 0:01 | Wisp |
| 0:07 | Altar of Elders |
| 0:10 | Wisp |
| 0:17 | Moon Well |
| 0:29 | Wisp |
| 0:40 | Ancient of War |
| 0:43 | Wisp |
| 0:46 | Wisp |
| 0:55 | Wisp |
| 1:22 | Wisp |
| 1:43 | Archer |
| 1:53 | Moon Well |
| 1:56 | Archer |
| 2:57 | Wisp |
| 2:57 | Wisp |
| 2:57 | Wisp |
| 3:17 | Wisp |
| 3:23 | Mana Burn |
| 3:24 | Evasion |
| 3:38 | Archer |
| 3:44 | Moon Well |
| 3:46 | Boots of Speed |
| 3:50 | Dust of Appearance |
| 3:56 | Tree of Ages |
| 4:00 | Archer |
| 4:34 | Hunter's Hall |
| 5:30 | Archer |
| 5:39 | Ultravision |
| 6:41 | Frost Arrows |
| 6:50 | Tree of Eternity |
| 7:03 | Ancient of Lore |
| 7:04 | Ancient of Lore |
| 7:07 | Moon Well |
| 7:11 | Ancient of Wonders |
| 7:23 | Potion of Lesser Invulnerability |
| 8:20 | Druid of the Claw Adept Training |
| 8:20 | Druid of the Claw |
| 9:13 | Druid of the Claw Master Training |
| 9:14 | Orb of Venom |
| 9:17 | Staff of Preservation |
| 9:29 | Lesser Clarity Potion |
| 10:09 | Druid of the Claw |
| 10:38 | Druid of the Claw |
| Select group | 675 |
| Right click | 619 |
| Select | 247 |
| Build/train/purchase | 45 |
| Use ability | 24 |
| Assign group | 19 |
| Misc. action | 3 |
38 units @ 5.8k
/ 0.8k
21 buildings @ 3.5k
/ 1.1k



| Rod of Necromancy | 2 | 300 |
| Orb of Corruption | 1 | 375 |
| Dust of Appearance | 1 | 75 |
| total: | 4 | 750g |
| Acolyte | 2 | 150 | / | 0 |
| Ghoul | 2 | 240 | / | 0 |
| Crypt Fiend | 9 | 1935 | / | 360 |
| Obsidian Statue | 2 | 400 | / | 70 |
| Abomination | 2 | 480 | / | 140 |
| total: | 17 | 3205g | / | 570w |
| Graveyard | 1 | 215 | / | 0 |
| Crypt | 1 | 200 | / | 50 |
| Altar of Darkness | 1 | 180 | / | 50 |
| Ziggurat | 6 | 900 | / | 300 |
| Tomb of Relics | 2 | 260 | / | 60 |
| Slaughterhouse | 1 | 140 | / | 135 |
| Halls of the Dead | 1 | 320 | / | 210 |
| Black Citadel | 1 | 325 | / | 230 |
| total: | 12 | 1895g | / | 595w |
| 0:02 | Acolyte |
| 0:08 | Graveyard |
| 0:11 | Crypt |
| 0:18 | Acolyte |
| 0:39 | Altar of Darkness |
| 0:55 | Ziggurat |
| 1:13 | Ghoul |
| 1:26 | Tomb of Relics |
| 1:28 | Tomb of Relics |
| 1:46 | Crypt Fiend |
| 2:03 | Ziggurat |
| 2:21 | Crypt Fiend |
| 2:43 | Rod of Necromancy |
| 2:46 | Death Coil |
| 2:58 | Crypt Fiend |
| 3:27 | Halls of the Dead |
| 3:50 | Unholy Aura |
| 3:59 | Crypt Fiend |
| 4:02 | Ziggurat |
| 4:32 | Rod of Necromancy |
| 4:57 | Dust of Appearance |
| 5:19 | Crypt Fiend |
| 5:39 | Death Coil |
| 5:53 | Ghoul |
| 6:24 | Black Citadel |
| 6:39 | Burrow |
| 7:03 | Slaughterhouse |
| 7:09 | Frost Nova |
| 7:41 | Ziggurat |
| 8:06 | Crypt Fiend |
| 8:13 | Obsidian Statue |
| 8:55 | Obsidian Statue |
| 8:56 | Crypt Fiend |
| 9:15 | Ziggurat |
| 9:18 | Rain of Fire |
| 9:48 | Frost Armor |
| 10:01 | Unholy Aura |
| 10:47 | Creature Attack |
| 10:48 | Ziggurat |
| 10:49 | Crypt Fiend |
| 10:49 | Abomination |
| 10:56 | Backpack |
| 11:20 | Cleaving Attack |
| 11:31 | Frost Nova |
| 11:42 | Orb of Corruption |
| 11:47 | Abomination |
| 12:22 | Improved Creature Attack |
| 12:45 | Crypt Fiend |
| 13:00 | Destroyer Form |
| 13:22 | Ghoul Frenzy |
| Select group | 1849 |
| Right click | 1824 |
| Select | 473 |
| Chat | 151 |
| Build/train/purchase | 107 |
| Assign group | 77 |
| Misc. action | 29 |
| Use ability | 24 |
| Item give/drop | 1 |

| Wisp | 11 | 660 | / | 0 |
| Huntress | 10 | 1950 | / | 200 |
| total: | 21 | 2610g | / | 200w |
| Altar of Elders | 1 | 180 | / | 50 |
| Moon Well | 5 | 900 | / | 200 |
| Hunter's Hall | 1 | 210 | / | 100 |
| Ancient of War | 2 | 300 | / | 120 |
| Tree of Ages | 1 | 320 | / | 180 |
| total: | 9 | 1590g | / | 470w |
| 0:02 | Wisp |
| 0:03 | Wisp |
| 0:06 | Altar of Elders |
| 0:12 | Moon Well |
| 0:13 | Moon Well |
| 0:14 | Wisp |
| 0:25 | Wisp |
| 0:27 | Wisp |
| 0:27 | Wisp |
| 0:44 | Wisp |
| 0:44 | Wisp |
| 0:48 | Wisp |
| 0:55 | Wisp |
| 1:34 | Hunter's Hall |
| 1:47 | Ancient of War |
| 2:04 | Wisp |
| 2:10 | Searing Arrows |
| 2:16 | Ancient of War |
| 2:25 | Moon Well |
| 2:47 | Moon Well |
| 2:55 | Ultravision |
| 2:56 | Huntress |
| 3:19 | Huntress |
| 3:50 | Huntress |
| 4:32 | Huntress |
| 4:47 | Moon Well |
| 5:14 | Huntress |
| 6:00 | Huntress |
| 6:40 | Huntress |
| 7:51 | Trueshot Aura |
| 8:08 | Huntress |
| 8:23 | Huntress |
| 8:53 | Huntress |
| 11:02 | Tree of Ages |
| 13:41 | Moon Glaive |
| Right click | 518 |
| Select group | 249 |
| Select | 222 |
| Assign group | 153 |
| Build/train/purchase | 44 |
| Chat | 19 |
| Misc. action | 17 |
| Use ability | 4 |
| Esc | 1 |
| Minimap ping | 1 |
⇛